 Dungeon Crawl Stone Soup version 0.24.0-125-gc4c63601f3 (webtiles) character file.

Game seed: 16506016441436999412, levelgen mode: deterministic

6710 Curus the Spear-Bearer (level 10, 0/93 HPs)
             Began as a Minotaur Monk on Feb 19, 2020.
             Was a High Priest of Okawaru.
             Slain by a death yak (14 damage)
             ... on level 9 of the Dungeon.
             The game lasted 00:27:12 (7858 turns).

Curus the Spear-Bearer (Minotaur Monk)              Turns: 7858, Time: 00:27:13

Health: 0/93       AC: 17    Str: 17    XL:     10   Next: 74%
Magic:  7/9        EV: 11    Int:  7    God:    Okawaru [*****.]
Gold:   161        SH: 13    Dex: 15    Spells: 9/9 levels left

rFire    + . .     SeeInvis .   t - +2 trident (flame)
rCold    . . .     Gourm    .   C - +0 shield {rPois}
rNeg     . . .     Faith    .   E - +0 plate armour
rPois    +         Spirit   .   (helmet restricted)
rElec    .         Reflect  +   G - +0 cloak
rCorr    .         Harm     .   (no gloves)
MR       .....                  (no boots)
Stlth    ..........             p - +3 amulet of reflection
HPRegen  0.25/turn              s - +2 ring of evasion
MPRegen  0.11/turn              q - ring of protection from fire

@: heroism
A: retaliatory headbutt, horns 2
a: Heroism, Finesse, Renounce Religion


You were on level 9 of the Dungeon.
You worshipped Okawaru.
Okawaru was extremely pleased with you.
You were not hungry.

You visited 1 branch of the dungeon, and saw 9 of its levels.
You also visited: Ossuary.

You collected 521 gold pieces.
You spent 360 gold pieces at shops.

Inventory:

Hand Weapons
 a - a +0 spear
 g - a +0 trident
 t - a +2 trident of flaming (weapon)
 F - a +2 halberd of flaming
Armour
 b - a +0 robe
 e - a +0 ring mail
 i - a +1 buckler
 o - the +4 ring mail of Lerok {-Cast -Tele rN++ SInv}
   (You found it on level 5 of the Dungeon)

   It greatly protects you from negative energy.
   It lets you see invisible.
   It prevents spellcasting.
   It prevents most forms of teleportation.
 x - a +0 chain mail
 C - a +0 shield of poison resistance (worn)
 E - a +0 plate armour (worn)
 G - a +0 cloak (worn)
Jewellery
 d - an uncursed ring of teleportation
 m - an uncursed ring of stealth
 n - an uncursed amulet of rage
 p - a +3 amulet of reflection (around neck)
 q - a ring of protection from fire (right hand)
 s - a +2 ring of evasion (left hand)
 u - an uncursed ring of fire
Wands
 k - a wand of enslavement (12)
 l - a wand of digging (6)
 z - a wand of iceblast (7)
 B - a wand of polymorph (6)
 D - a wand of scattershot (9)
Scrolls
 h - 5 scrolls of remove curse
 j - 14 scrolls of identify
 r - 2 scrolls of teleportation
 w - a scroll of fog
 y - a scroll of amnesia
Potions
 f - 11 potions of curing
 v - a potion of agility
 A - a potion of heal wounds
 H - a potion of ambrosia
Comestibles
 c - 20 rations


   Skills:
 + Level 10.3(15.3) Fighting
 - Level 14.0(19.0) Polearms
 + Level 8.8(13.8) Armour
 - Level 4.8(9.8) Dodging
 - Level 1.5(6.5) Stealth


You had 9 spell levels left.
You didn't know any spells.
Your spell library contained the following spells:

 Spells                   Type           Power        Failure   Level  Hunger
 Animate Skeleton         Necr           N/A          100%        1    ##.....
 Apportation              Tloc           #.....       100%        1    ##.....
 Confusing Touch          Hex            #.....       100%        1    ##.....
 Corona                   Hex            #......      100%        1    ##.....
 Magic Dart               Conj           #...         100%        1    ##.....
 Summon Small Mammal      Summ           #...         100%        1    ##.....
 Blink                    Tloc           N/A          100%        2    ###....
 Call Imp                 Summ           #.......     100%        2    ###....
 Ensorcelled Hibernation  Hex/Ice        #.....       100%        2    ###....
 Slow                     Hex            #.......     100%        2    ###....
 Confuse                  Hex            #.......     100%        3    ####...
 Conjure Flame            Conj/Fire      #.......     100%        3    ####...
 Dazzling Spray           Conj/Hex       #.....       100%        3    ####...
 Mephitic Cloud           Conj/Pois/Air  #.......     100%        3    ####...
 Tukima's Dance           Hex            #.......     100%        3    ####...


Dungeon Overview and Level Annotations

Branches:
Dungeon (9/15)             Temple (0/1) D:7             Orc (0/2) D:9
Ossuary (visited)
   Lair: D:8-11

Altars:
Fedhas
Gozag
Hepliaklqana
Kikubaaqudgha
Okawaru
Qazlal
Wu Jian
Yredelemnul
Zin
The Shining One

Shops:
D:4 !%(   D:6 [


Innate Abilities, Weirdness & Mutations

You reflexively headbutt those who attack you in melee.
You have a pair of horns on your head.


Message History

The death yak is moderately wounded.
The death yak closely misses you.
You hit the death yak but do no damage.
You headbutt the death yak, but do no damage.
The death yak is moderately wounded.
You hit the death yak but do no damage.
The death yak is moderately wounded.
You block the death yak's attack.
You hit the death yak. You burn the death yak.
The death yak is moderately wounded.
The worker ant waves its antennae.
Your plate armour prevents you from hitting the death yak.
Your headbutt misses the death yak.
The death yak is moderately wounded.
The death yak closely misses you.
You hit the death yak. You burn the death yak.
Your headbutt misses the death yak.
The death yak is moderately wounded.
The crimson imp blinks!
The death yak gores you!
You die...

##.....................
#...........#.........
#....<.....# #....#..
...........# #......
..........## .....
..........# .ยง.#
.........## #ar#
.........## #Y#
..........# #@#
##.....#..## #.#
########..#####.#
#####.......#
######........####
#...........#...#
.........#######...
......#### #.. ....###
#


You could see a death yak, a worker ant and a rat.

Vanquished Creatures
  Erica (D:8)
  A two-headed ogre (D:8)
  2 death yaks (D:9)
  Pikel (D:4)
  Grinder (D:6)
  2 wraiths (Ossuary)
  3 soldier ants (D:8)
  A porcupine (D:9)
  A slave (D:4)
  A black bear (D:5)
  A sky beast (D:9)
  2 ice beasts
  3 orc warriors
  2 phantoms (D:7)
  3 centaurs
  A crocodile (D:8)
  3 bullfrogs
  3 scorpions
  A water moccasin skeleton (D:5)
  4 howler monkeys
  2 wights (Ossuary)
  3 crimson imps
  2 orc priests
  A bullfrog skeleton (D:6)
  8 hounds
  A jelly (D:9)
  7 orc wizards
  2 iguanas
  7 worker ants
  2 worker ant zombies (D:5)
  9 adders
  A shadow imp (D:6)
  3 oozes
  3 adder zombies (Ossuary)
  4 adder skeletons
  A worm (D:3)
  2 dart slugs
  4 leopard geckos
  19 orcs
  A ball python (D:2)
  3 bats
  4 giant cockroaches
  10 goblins
  8 hobgoblins
  12 jackals
  11 kobolds
  5 quokkas
  A ball python skeleton (Ossuary)
  5 frilled lizards
  A hobgoblin skeleton (Ossuary)
  A hobgoblin zombie (Ossuary)
  A jackal skeleton (D:4)
  A jackal zombie (D:5)
  4 kobold zombies (Ossuary)
  A leopard gecko zombie (D:8)
  2 quokka skeletons
  A quokka zombie (D:5)
  8 rats
198 creatures vanquished.

Vanquished Creatures (others)
  A slave (D:4)
  A centaur (D:8)
  3 orcs (D:7)
5 creatures vanquished.

Grand Total: 203 creatures vanquished

Notes
Turn   | Place    | Note
-------+----------+-------------------------------------------
     0 | D:1      | Curus the Minotaur Monk began the quest for the Orb.
     0 | D:1      | Reached XP level 1. HP: 19/19 MP: 0/0
    43 | D:1      | Reached skill level 4 in Polearms
    48 | D:1      | Reached XP level 2. HP: 21/26 MP: 1/1
   214 | D:1      | Reached skill level 5 in Polearms
   336 | D:1      | Reached XP level 3. HP: 31/31 MP: 2/2
   507 | D:2      | You are sucked into a shaft and drop 1 floor!
   567 | D:3      | Reached XP level 4. HP: 24/39 MP: 3/3
   570 | D:3      | Reached skill level 6 in Polearms
  1003 | D:2      | Found an iron altar of Okawaru.
  1012 | D:2      | Became a worshipper of Warmaster Okawaru
  1012 | D:2      | Reached * piety under Okawaru
  1012 | D:2      | Reached ** piety under Okawaru
  1264 | D:3      | Noticed a bullfrog
  1278 | D:3      | Killed a bullfrog
  1278 | D:3      | Reached skill level 7 in Polearms
  1278 | D:3      | Reached XP level 5. HP: 22/45 MP: 1/4
  1480 | D:3      | Reached skill level 8 in Polearms
  1561 | D:3      | You fall into a shaft and drop 1 floor!
  1601 | D:4      | Found a stormy altar of Qazlal.
  1614 | D:4      | Found an opulent altar of Gozag.
  1617 | D:4      | Found a blossoming altar of Fedhas.
  1620 | D:4      | Found an ornate altar of the Wu Jian Council.
  1733 | D:4      | Found Gakhempyo's Food Shop.
  1746 | D:4      | Found Gum Buve's Distillery.
  1764 | D:4      | Bought a potion of curing for 42 gold pieces
  1764 | D:4      | Bought a potion of curing for 42 gold pieces
  1786 | D:4      | Reached XP level 6. HP: 49/51 MP: 5/5
  2242 | D:4      | Found Pawe Yki's Weapon Emporium.
  2548 | D:4      | Noticed a slave
  2548 | D:4      | Noticed a slave
  2548 | D:4      | Noticed Pikel
  2549 | D:4      | Noticed a slave
  2553 | D:4      | Noticed a slave
  2558 | D:4      | Killed a slave
  2570 | D:4      | Killed Pikel
  2570 | D:4      | Reached *** piety under Okawaru
  2570 | D:4      | Reached skill level 10 in Polearms
  2570 | D:4      | Reached XP level 7. HP: 17/57 MP: 3/6
  3107 | D:5      | Entered Level 5 of the Dungeon
  3139 | D:5      | Got an encrusted ring mail
  3150 | D:5      | Identified the +4 ring mail of Lerok {-Cast -Tele rN++
                  | SInv} (You found it on level 5 of the Dungeon)
  3228 | D:5      | Reached skill level 11 in Polearms
  3268 | D:5      | Reached XP level 8. HP: 43/64 MP: 7/7
  3272 | D:5      | Found a hazy altar of Hepliaklqana.
  3494 | D:5      | Reached **** piety under Okawaru
  3494 | D:5      | Reached skill level 12 in Polearms
  3744 | D:4      | Bought a +2 trident of flaming for 183 gold pieces
  4073 | D:6      | Noticed Grinder
  4078 | D:6      | Paralysed by Grinder for 3 turns
  4083 | D:6      | Killed Grinder
  4102 | D:6      | Reached skill level 13 in Polearms
  4327 | D:6      | Found Anleawul's Armour Shop.
  4824 | D:7      | Reached XP level 9. HP: 57/70 MP: 8/8
  4847 | D:7      | Reached skill level 14 in Polearms
  4966 | D:7      | Reached ***** piety under Okawaru
  5023 | D:7      | Found a sand-covered staircase.
  5030 | Ossuary  | Entered an ossuary
  5232 | Ossuary  | Reached skill level 5 in Fighting
  5555 | D:7      | Found a staircase to the Ecumenical Temple.
  5676 | D:7      | Reached skill level 1 in Armour
  5777 | D:7      | Found a glowing golden altar of the Shining One.
  5900 | D:6      | Bought a +0 shield of poison resistance for 93 gold pieces
  5954 | D:8      | Noticed Erica
  5967 | D:8      | Killed Erica
  6245 | D:8      | Reached skill level 5 in Armour
  6246 | D:8      | Noticed a two-headed ogre
  6260 | D:8      | Killed a two-headed ogre
  6260 | D:8      | Received a gift from Okawaru
  6260 | D:8      | Reached XP level 10. HP: 19/88 MP: 9/9
  6486 | D:8      | Noticed Maurice
  6488 | D:8      | Noticed Maurice
  6488 | D:8      | Maurice changed into Maurice the soldier ant
  6500 | D:8      | Killed Maurice the soldier ant
  6501 | D:8      | Found a basalt altar of Yredelemnul.
  6921 | D:8      | Found a glowing silver altar of Zin.
  7128 | D:8      | Found an ancient bone altar of Kikubaaqudgha.
  7142 | D:8      | Found an iron altar of Okawaru.
  7372 | D:9      | Found a staircase to the Orcish Mines.
  7789 | D:9      | Noticed a death yak
  7791 | D:9      | Noticed a death yak
  7793 | D:9      | Noticed a death yak
  7815 | D:9      | Killed a death yak
  7835 | D:9      | Killed a death yak
  7835 | D:9      | Reached skill level 10 in Fighting
  7858 | D:9      | Slain by a death yak

Levels and vault maps discovered:
D:1:      zelgadis_glass_arrival_small, layout_basic
D:2:      layout_loops_ring, kennysheep_okawaru_gauntlet, first_ration
D:3:      layout_rooms
D:4:      layout_basic, grunt_temple_overflow_cloverleaf, serial_shops, shop,
          shop, shop, kennysheep_generic_room_3, uniq_pikel
D:5:      layout_basic, kennysheep_mini
D:6:      layout_basic, serial_shops, shop, uniq_grinder
D:7:      layout_basic, nicolae_tso_carved_into_rock, lemuel_temple_firewalk_b,
          chequers_ossuary_entry_cave
D:8:      layout_gridville, lemuel_doored_altar, zin_statuary,
          yredelemnul_altar_generic, basic_altar, hangedman_pestilent_swarm,
          minmay_misc_feat_more_columns, uniq_maurice, uniq_erica
D:9:      minmay_the_grid_four_pointed_star_mashed
          [minmay_the_grid_triangle_9x9_from_above,
          minmay_the_grid_triangle_9x9_limited_checkers,
          minmay_the_grid_triangle_9x9_checkered,
          minmay_the_grid_triangle_9x9_skeleton,
          minmay_the_grid_prize_four_corners_diamond_b], layout_cave_pods,
          old_standard_altar, dpeg_lair_monsters, david_orc_2, enter_bailey_8,
          minmay_fractal_squares_gapless_5, uniq_gastronok

Skill      XL: |  1  2  3  4  5  6  7  8  9 10 |
---------------+-------------------------------+-----
Polearms       | 4 5 7 8 10 11 13 14 | 14.0
Fighting       | 8 10 | 10.3
Dodging        | 4 |  4.8
Armour         | 6 8 |  8.8
Stealth        | |  1.5

Action                   |  1- 3 |  4- 6 |  7- 9 | 10-12 || total
-------------------------+-------+-------+-------+-------++-------
Melee: Spear             |    88 |       |       |       ||    88
       Headbutt          |    11 |    23 |    37 |    34 ||   105
       Trident           |    13 |   171 |   308 |   160 ||   652
Invok: Heroism           |       |     2 |     1 |     2 ||     5
Evoke: Wand              |       |       |       |     1 ||     1
  Use: Potion            |     4 |     4 |     5 |     1 ||    14
       Scroll            |     1 |     4 |     5 |     1 ||    11
 Stab: Sleeping          |     2 |     1 |     5 |       ||     8
       Distracted        |       |       |     1 |       ||     1
  Eat: Chunk             |       |     5 |     9 |     3 ||    17
       Ration            |       |       |     1 |     1 ||     2
Armor: Ring mail         |    15 |    40 |    35 |       ||    90
       Robe              |     2 |       |       |       ||     2
       Chain mail        |       |       |    11 |       ||    11
       Plate armour      |       |       |       |    27 ||    27
Dodge: Dodged            |    55 |    66 |    62 |    23 ||   206
Block: Buckler           |       |    12 |    27 |       ||    39
       Shield            |       |       |    13 |    50 ||    63
       Reflection        |       |       |     2 |     1 ||     3
